 Dungeon Crawl Stone Soup version 0.27-a0-100-gf312352147 (webtiles) character file.

Game seed: 15610010921449113744

11577 rruziro the Protected (level 11, -3/93 HPs)
             Began as a Minotaur Fighter on Jan 21, 2021.
             Was a High Priest of Makhleb.
             Slain by a centaur
             ... wielding a +0 broad axe
              (4 damage)
             ... on level 10 of the Dungeon.
             The game lasted 00:28:24 (9114 turns).

rruziro the Protected (Minotaur Fighter)            Turns: 9114, Time: 00:28:24

Health: -3/93      AC: 15    Str: 22      XL:     11   Next: 51%
Magic:  10/10      EV:  7    Int:  3 (5)  God:    Makhleb [*****.]
Gold:   537        SH: 10    Dex: 10      Spells: 10/10 levels left

rFire    . . .     SeeInvis .   a - +1 war axe
rCold    . . .     Faith    .   c - +0 kite shield
rNeg     . . .     Spirit   .   h - +1 chain mail (curse)
rPois    +         Reflect  .   (helmet restricted)
rElec    .         Harm     .   (no cloak)
rCorr    +         Rampage  .   (no gloves)
Will     .....                  (no boots)
Stlth    ..........             (no amulet)
HPRegen  0.25/turn              e - ring of resist corrosion (curse)
MPRegen  0.12/turn              d - ring of poison resistance

@: marked, very slightly contaminated, studying Armour
A: retaliatory headbutt, horns 2, blurry vision 1, frail 1, mutation resistance
1, sense surroundings 1, shaggy fur 1, weak 1
a: Renounce Religion, Minor Destruction, Lesser Servant of Makhleb, Major
Destruction, Greater Servant of Makhleb


You were on level 10 of the Dungeon.
You worshipped Makhleb.
Makhleb was extremely pleased with you.
You visited 2 branches of the dungeon, and saw 11 of its levels.

You collected 537 gold pieces.

Inventory:

Hand Weapons
 a - a +1 war axe (weapon)
Armour
 c - a +0 kite shield (worn)
 h - a cursed +1 chain mail (worn)
 p - a +1 pair of gloves
Jewellery
 d - a ring of poison resistance (right hand)
 e - a cursed ring of resist corrosion (left hand)
 v - the ring "Ygemokh" {rPois Slay+2 Stlth+, unknown}
   (You found it on level 8 of the Dungeon)

   [ring of stealth]

   It affects your accuracy and damage with ranged weapons and melee attacks
   (+2).
   It protects you from poison.
   It makes you more stealthy.
 y - a cursed ring of attention
Wands
 b - a wand of iceblast (6)
 i - a wand of acid (9)
 n - a wand of flame (30)
 t - a wand of paralysis (6)
 w - a wand of random effects (41)
Scrolls
 f - 2 scrolls of remove curse
 g - 9 scrolls of identify
 j - a scroll of enchant weapon
 l - a scroll of noise {unknown}
 m - a scroll of fear
 o - 2 scrolls of magic mapping
 x - a scroll of torment {unknown}
Potions
 q - 3 potions of brilliance
 r - 4 potions of cancellation
 u - a potion of haste
 z - a potion of flight
Books
 k - a manual of Armour


   Skills:
 * Level 12.0 Fighting
 + Level 13.4 Axes
 * Level 14.4 Armour
 - Level 2.2 Dodging
 - Level 5.2 Shields


You had 10 spell levels left.
You didn't know any spells.
Your spell library contained the following spells:

 Spells                   Type           Power        Failure   Level
 Beastly Appendage        Tmut           0%           100%        1
 Sting                    Tmut/Pois      0%           100%        1
 Summon Small Mammal      Summ           0%           100%        1
 Call Imp                 Summ           0%           100%        2
 Poisonous Vapours        Pois/Air       0%           100%        2
 Wereblood                Tmut           0%           100%        2
 Call Canine Familiar     Summ           0%           100%        3
 Conjure Flame            Conj/Fire      0%           100%        3
 Ignite Poison            Fire/Tmut/Pois 0%           100%        3
 Mephitic Cloud           Conj/Pois/Air  0%           100%        3
 Spider Form              Tmut/Pois      0%           100%        3
 Summon Guardian Golem    Hex/Summ       0%           100%        3
 Ice Form                 Ice/Tmut       0%           100%        4
 Olgreb's Toxic Radiance  Pois           0%           100%        4
 Summon Ice Beast         Ice/Summ       0%           100%        4
 Summon Lightning Spire   Summ/Air       0%           100%        4
 Blade Hands              Tmut           0%           100%        5
 Freezing Cloud           Conj/Ice/Air   0%           100%        6


Dungeon Overview and Level Annotations

Branches:
Dungeon (10/15)            Temple (1/1) D:4
   Lair: D:8-11         Orc: D:9-12

Altars:
Ashenzari
Cheibriados
Dithmenos
Elyvilon
Fedhas
Gozag
Hepliaklqana
Kikubaaqudgha
Makhleb
Nemelex Xobeh
Okawaru
Qazlal
Ru
Sif Muna
Trog
Uskayaw
Vehumet
Wu Jian
Xom
Yredelemnul
Zin
The Shining One

Shops:
D:4 *   D:5 ?


Innate Abilities, Weirdness & Mutations

You reflexively headbutt those who attack you in melee.
You have a pair of horns on your head.
Scrolls take you a little longer to read.
You are frail. (-10% HP)
You are somewhat resistant to further mutation.
You passively map a small area around you.
You are covered in fur. (AC +1)
You are weak. (Str -2)


Message History

A tengu warrior comes into view. It is wielding a +0 great sword.
Okay, then.
You slice the troll!!
You kill the troll!
Makhleb accepts your kill.
You feel better.
The troll leather armour is intact enough to wear.
You barely miss the troll. You hit the brown ugly thing.
You completely miss the centaur. You block the centaur's attack.
The troll bites you but does no damage. The troll claws you!
* * * LOW HITPOINT WARNING * * *
The troll claws you but does no damage. The wight hits you but does no damage.
The brown ugly thing claws you but does no damage.
Your Fighting skill increases to level 12!
You hit the steam dragon.
The steam dragon is moderately wounded.
You closely miss the centaur. You slash the brown ugly thing!
You slash the troll!
The centaur hits you with a +0 broad axe.
You die...

* , * * #...# *
... $ * ≈ *... ,
.# * * ... ..# * *
≈ * ###.###.# , *
* * #.......# , *
#..)cz..##. ** *
###..@Dl.Z.Q. *
#....uTZ####.*
.##(##H######.## *
,,
................#
* * *
.........#####.##*
, .........##≈##..
, #..##....#t≈≈#.#
* #........##≈##.#
#........####* **


You could see a brown ugly thing, a tengu warrior, a manticore, a troll, a steam
dragon, a wyvern, a centaur, a wight, a hound skeleton and a wyvern skeleton.

Vanquished Creatures
  A two-headed ogre (D:10)
  The ghost of confidenceinterval the Spear-Bearer, a novice MfGl of Gozag (D:9)
  Pikel (D:7)
  4 ugly things (D:9)
  A salamander (shapeshifter) (D:9)
  Joseph (D:8)
  Maurice (D:9)
  A guardian serpent (shapeshifter) (D:9)
  A troll (D:10)
  A hornet (D:10)
  Prince Ribbit (D:9)
  A blink frog (shapeshifter) (D:9)
  A wyvern (D:10)
  Grum (D:9)
  A neqoxec (D:9)
  A water moccasin (D:8)
  4 orc warriors
  3 black bears
  2 ice beasts
  A sky beast (D:9)
  A phantom (D:4)
  An ice beast (shapeshifter) (D:9)
  A necrophage (D:8)
  8 ogres
  2 wolves (D:9)
  2 centaurs
  A big kobold (D:8)
  3 bullfrogs
  2 gnoll sergeants
  A wyvern zombie (D:8)
  A water moccasin zombie (D:6)
  2 wyvern skeletons
  4 scorpions
  5 killer bees (D:9)
  12 wights
  3 vampire bats (D:9)
  2 howler monkeys
  6 hounds
  A quasit (D:6)
  Crazy Yiuf (D:2)
  A bullfrog skeleton (D:5)
  11 orc wizards
  5 orc priests
  A jelly (D:6)
  3 centaur skeletons
  Jessica (D:3)
  A gnoll shaman (D:8)
  An iguana (D:6)
  Natasha (D:4)
  4 worker ants
  19 gnolls
  A worker ant zombie (D:5)
  10 adders
  A howler monkey skeleton (D:6)
  2 shadow imps
  3 white imps
  An ufetubus (D:6)
  2 adder zombies
  3 adder skeletons
  7 worms
  8 dart slugs
  3 leopard geckos
  47 orcs
  2 ball pythons
  3 bat skeletons (D:9)
  2 bat zombies (D:9)
  10 giant cockroaches
  4 goblins
  8 hobgoblins
  15 jackals
  11 quokkas
  8 bats
  7 frilled lizards
  14 kobolds
  A quokka skeleton (D:6)
  9 rats
318 creatures vanquished.

Notes
Turn   | Place    | Note
-------+----------+-------------------------------------------
     0 | D:1      | rruziro the Minotaur Fighter began the quest for the Orb.
     0 | D:1      | Reached XP level 1. HP: 19/19 MP: 0/0
   291 | D:1      | Reached XP level 2. HP: 24/27 MP: 1/1
   594 | D:1      | Reached skill level 4 in Armour
   966 | D:2      | Reached XP level 3. HP: 29/33 MP: 2/2
   985 | D:2      | Reached skill level 1 in Dodging
   985 | D:2      | Reached XP level 4. HP: 11/40 MP: 3/3
  1469 | D:2      | Found a snail-covered altar of Cheibriados.
  1593 | D:2      | Found a radiant altar of Vehumet.
  1629 | D:2      | Found a burning altar of Makhleb.
  1632 | D:2      | Became a worshipper of Makhleb the Destroyer
  1769 | D:2      | Found a white marble altar of Elyvilon.
  1788 | D:2      | Found a runed translucent door.
  1789 | D:2      | Noticed Crazy Yiuf
  1800 | D:2      | Killed Crazy Yiuf
  1801 | D:2      | Reached XP level 5. HP: 38/46 MP: 4/4
  1939 | D:2      | Found a blossoming altar of Fedhas.
  2260 | D:3      | Reached * piety under Makhleb
  2272 | D:3      | Reached skill level 5 in Axes
  2356 | D:3      | Noticed Jessica
  2363 | D:3      | Killed Jessica
  2364 | D:3      | Reached XP level 6. HP: 45/53 MP: 5/5
  2460 | D:4      | Reached skill level 5 in Shields
  2486 | D:4      | Found Meisomn's Merry Market.
  2567 | D:4      | Found a broken altar of Ashenzari.
  2615 | D:4      | Reached skill level 5 in Armour
  2624 | D:4      | Reached XP level 7. HP: 24/60 MP: 6/6
  2919 | D:4      | Found a staircase to the Ecumenical Temple.
  2946 | Temple   | Entered the Ecumenical Temple
  3240 | D:4      | Reached skill level 5 in Fighting
  3370 | D:4      | Gained mutation: Scrolls take you a little longer to read.
                  | [potion of mutation]
  3370 | D:4      | Gained mutation: You are partially covered in rugged brown
                  | scales. (AC +1, +3% HP) [potion of mutation]
  3370 | D:4      | Gained mutation: You are robust. (+10% HP) [potion of
                  | mutation]
  3691 | D:4      | Noticed Natasha
  3699 | D:4      | Killed Natasha
  3836 | D:5      | Entered Level 5 of the Dungeon
  3890 | D:5      | Reached ** piety under Makhleb
  4146 | D:5      | Reached skill level 6 in Armour
  4248 | D:5      | Found an ornate altar of the Wu Jian Council.
  4374 | D:5      | Reached XP level 8. HP: 64/79 MP: 7/7
  4517 | D:5      | Found Lighempu's Magic Scroll Boutique.
  5259 | D:6      | Reached skill level 7 in Armour
  5625 | D:6      | Found a glowing silver altar of Zin.
  5879 | D:7      | Reached *** piety under Makhleb
  5900 | D:7      | Noticed Pikel
  5903 | D:7      | Found a shadowy altar of Dithmenos.
  5910 | D:7      | Killed Pikel
  5911 | D:7      | Reached skill level 10 in Axes
  5911 | D:7      | Reached skill level 8 in Armour
  5911 | D:7      | Reached XP level 9. HP: 88/91 MP: 8/8
  6619 | D:7      | Reached skill level 9 in Armour
  6766 | D:7      | Reached **** piety under Makhleb
  6961 | D:8      | Found a shadowy altar of Dithmenos.
  7018 | D:8      | Reached XP level 10. HP: 102/102 MP: 9/9
  7103 | D:8      | Noticed Joseph
  7126 | D:8      | Killed Joseph
  7127 | D:8      | Reached skill level 10 in Armour
  7395 | D:8      | Found a shimmering altar of Xom.
  7493 | D:8      | Found a hide-covered altar of Uskayaw.
  7503 | D:8      | Got a vibrating steel ring
  7632 | D:9      | Reached ***** piety under Makhleb
  7679 | D:9      | Reached skill level 10 in Fighting
  7679 | D:9      | Reached skill level 11 in Armour
  7876 | D:9      | Noticed Grum
  7889 | D:9      | Killed Grum
  8063 | D:9      | Found an ancient bone altar of Kikubaaqudgha.
  8225 | D:9      | Found a runed translucent gate.
  8225 | D:9      | Found a runed translucent gate.
  8225 | D:9      | Found a stormy altar of Qazlal.
  8226 | D:9      | Found a runed translucent gate.
  8242 | D:9      | Noticed a green ugly thing
  8243 | D:9      | Noticed a green ugly thing
  8243 | D:9      | Noticed a green ugly thing
  8244 | D:9      | Noticed a green ugly thing
  8360 | D:9      | Noticed Maurice
  8373 | D:9      | Paralysed by Maurice for 5 turns
  8385 | D:9      | Killed Maurice
  8416 | D:9      | Reached skill level 12 in Armour
  8473 | D:9      | Noticed Prince Ribbit
  8478 | D:9      | Killed Prince Ribbit
  8926 | D:9      | Killed a white ugly thing
  8929 | D:9      | Killed a green ugly thing
  8929 | D:9      | Killed a green ugly thing
  8930 | D:9      | Reached skill level 13 in Armour
  8930 | D:9      | Reached XP level 11. HP: 65/115 MP: 10/10
  8931 | D:9      | Killed a cyan ugly thing
  8934 | D:9      | Found a runed translucent gate.
  8934 | D:9      | Found a runed translucent gate.
  8937 | D:9      | Found a runed translucent gate.
  8937 | D:9      | Noticed a harpy
  8938 | D:9      | Noticed confidenceinterval's ghost (novice MfGl)
  8957 | D:9      | a harpy changed into a guardian serpent
  8976 | D:9      | Gained mutation: Your body sometimes deteriorates upon
                  | taking damage. [a neqoxec]
  8977 | D:9      | Gained mutation: You tend to lose your temper in combat. [a
                  | neqoxec]
  8978 | D:9      | Gained mutation: You are covered in fur. (AC +1) [a
                  | neqoxec]
  8982 | D:9      | Lost mutation: You are robust. (+10% HP) [a neqoxec]
  8984 | D:9      | Killed confidenceinterval's ghost
  9013 | D:9      | Gained mutation: Your body often deteriorates upon taking
                  | damage. [mutagenic glow]
  9027 | D:9      | Lost mutation: Your body often deteriorates upon taking
                  | damage. [potion of mutation]
  9027 | D:9      | Lost mutation: You tend to lose your temper in combat.
                  | [potion of mutation]
  9027 | D:9      | Lost mutation: Your body sometimes deteriorates upon taking
                  | damage. [potion of mutation]
  9027 | D:9      | Lost mutation: You are partially covered in rugged brown
                  | scales. (AC +1, +3% HP) [potion of mutation]
  9027 | D:9      | Gained mutation: You are clumsy. (Dex -2) [potion of
                  | mutation]
  9027 | D:9      | Gained mutation: You are partially covered in slimy green
                  | scales. (AC +2) [potion of mutation]
  9027 | D:9      | Gained mutation: You passively map a small area around you.
                  | [potion of mutation]
  9028 | D:9      | Lost mutation: You are clumsy. (Dex -2) [potion of
                  | mutation]
  9028 | D:9      | Lost mutation: Scrolls take you a little longer to read.
                  | [potion of mutation]
  9028 | D:9      | Lost mutation: You are partially covered in slimy green
                  | scales. (AC +2) [potion of mutation]
  9028 | D:9      | Gained mutation: You are weak. (Str -2) [potion of
                  | mutation]
  9028 | D:9      | Gained mutation: You are frail. (-10% HP) [potion of
                  | mutation]
  9028 | D:9      | Gained mutation: You are somewhat resistant to further
                  | mutation. [potion of mutation]
  9030 | D:9      | Gained mutation: Scrolls take you a little longer to read.
                  | [mutagenic glow]
  9078 | D:10     | Entered Level 10 of the Dungeon
  9080 | D:10     | Found an opulent altar of Gozag.
  9090 | D:10     | Noticed a two-headed ogre
  9099 | D:10     | Paralysed by a hornet for 1 turns
  9105 | D:10     | Reached skill level 14 in Armour
  9107 | D:10     | Killed a two-headed ogre
  9110 | D:10     | Noticed a brown ugly thing
  9112 | D:10     | HP: 2/93 [troll (8)]
  9112 | D:10     | Noticed a tengu warrior
  9114 | D:10     | Slain by a centaur

Illustrated notes

Levels and vault maps discovered:
D:1:      dpeg_arrival_oval, layout_loops_corners
D:2:      layout_basic, nicolae_overflow_crystal_walls, lemuel_doored_altar,
          overflow_temple_1_default, lemuel_crystal_altar, lemuel_crystal_altar,
          minmay_hexomino_c4, uniq_crazy_yiuf_cottage
D:3:      layout_rooms, serial_curves, eino_curves_04, eino_curves_02,
          uniq_jessica
D:4:      layout_loops_ring, evilmike_ruin_ashenzari, temple_pool_b,
          nicolae_alphabet_shops, kennysheep_generic_room_4, uniq_natasha
D:5:      layout_basic, kennysheep_little_box, serial_shops, nicolae_shop_trees
D:6:      layout_basic, kennysheep_mini_moat
D:7:      layout_basic, overflow_temple_1_default, minmay_manual_monolith,
          uniq_pikel
D:8:      layout_rooms, old_standard_altar, tgw_xom, basic_altar, uniq_joseph
D:9:      layout_loops_cross, nicolae_qazlal_style_of_elements,
          kennysheep_vampire_church,
          ploomutoo_gammafunk_ghost_potion_laboratory,
          kennysheep_generic_room_7, uniq_grum, uniq_maurice,
          uniq_prince_ribbit1
D:10:     minmay_the_grid_octo_tiled_octocenter [minmay_the_grid_octo_empty,
          minmay_the_grid_octo_focus, minmay_the_grid_octo_pinwheel,
          minmay_the_grid_octo_empty,
          minmay_the_grid_octo_prize_ultimate_mussel_roller,
          minmay_the_grid_square_5x5_doubleslash,
          minmay_the_grid_square_5x5_gyroscope,
          minmay_the_grid_square_5x5_fancy_junction,
          minmay_the_grid_square_5x5_inner_v], layout_basic, basic_altar,
          serial_aquarium, aquarium_bridge_square [aquarium_subvault_wall,
          aquarium_subvault_bridge, aquarium_subvault_wall,
          aquarium_subvault_window], aquarium_bridge_square
          [aquarium_subvault_bridge, aquarium_subvault_wall,
          aquarium_subvault_window, aquarium_subvault_bridge],
          aquarium_window_fake, aquarium_window_corridor_3, aquarium_window_2,
          aquarium_window_fake, aquarium_view_2c, aquarium_view_2e
Temple:   jpeg_temple_island

Skill      XL: |  1  2  3  4  5  6  7  8  9 10 11 |
---------------+----------------------------------+-----
Shields        | 4 5 |  5.2
Armour         | 4 5 6 8 9 13 14 | 14.4
Axes           | 3 4 5 6 7 10 11 12 13 | 13.4
Fighting       | 4 5 8 9 11 12 | 12.0
Dodging        | 1 2 |  2.2

Action                   |  1- 3 |  4- 6 |  7- 9 | 10-12 || total
-------------------------+-------+-------+-------+-------++-------
Melee: War axe           |    69 |   144 |   382 |   235 ||   830
       Headbutt          |    10 |    16 |    62 |    51 ||   139
  Use: Scroll            |     3 |     4 |     4 |     1 ||    12
       Potion            |     2 |     3 |     3 |    13 ||    21
Armor: Scale mail        |    32 |    47 |    24 |       ||   103
       Chain mail        |       |       |   178 |   144 ||   322
Dodge: Dodged            |    27 |    60 |   118 |    93 ||   298
Block: Kite shield       |    47 |    76 |   190 |   158 ||   471

Table legend: (Time is in decaauts)
 A = Elapsed time spent in this place.
 B = Non-inter-level travel time spent in this place.
 C = Inter-level travel time spent in this place.
 D = Time resting spent in this place.
 E = Time spent auto-exploring this place.
 F = Levels seen in this place.
 G = Mean time per level.
                   A        B        C        D        E       F      G
               +--------+--------+--------+--------+--------+-----+--------+
         Total |   9288 |   9029 |    259 |      0 |   6740 |  11 |  844.4 |
       Dungeon |   8967 |   8770 |    197 |      0 |   6514 |  10 |  896.7 |
        Temple |    321 |    259 |     62 |      0 |    226 |   1 |  321.0 |
               +--------+--------+--------+--------+--------+-----+--------+

Top non-repeatable levels by time:
     D:9: 1478 daAuts
     D:4: 1163 daAuts
     D:6: 1111 daAuts
     D:7: 1078 daAuts
     D:2: 1026 daAuts
     D:1: 978 daAuts
     D:5: 872 daAuts
     D:8: 746 daAuts
     D:3: 477 daAuts
  Temple: 321 daAuts
    D:10: 33 daAuts
